 Dungeon Crawl Stone Soup version 0.18.1-6-gd335043 (webtiles) character file.

3163 Helmschank the Destroyer (level 9, -1/48 HPs)
             Began as a Deep Elf Wizard on May 18, 2016.
             Was an Initiate of Vehumet.
             Slain by a killer bee (7 damage)
             ... on level 7 of the Dungeon.
             The game lasted 01:03:04 (10182 turns).

Helmschank the Destroyer (Deep Elf Wizard)         Turns: 10182, Time: 01:03:05

Health: -1/48      AC:  8    Str:  4    XL:     9   Next: 63%
Magic:  1/23       EV: 16    Int: 27    God:    Vehumet [......]
Gold:   438        SH:  0    Dex: 13    Spells: 8 memorised, 6 levels left

rFire  . . .     SeeInvis .     a - +4 flail (protect)
rCold  . . .     Gourm    .     f - +0 robe
rNeg   . . .     Faith    .     (no shield)
rPois  .         Spirit   .     m - +1 hat
rElec  .         Dismiss  .     (no cloak)
rCorr  .         Reflect  .     (no gloves)
SustAt .         Harm     .     (no boots)
MR     .....                    (no amulet)
Stlth  ++........               (no ring)
                                (no ring)

@: very slightly contaminated, repel missiles, not resistant to hostile
enchantments, unstealthy
A: no striking features
a: Renounce Religion


You were on level 7 of the Dungeon.
You worshipped Vehumet.
Vehumet was noncommittal.
You were hungry.

You visited 2 branches of the dungeon, and saw 9 of its levels.

You collected 438 gold pieces.

Inventory:

Hand Weapons
 a - a +4 flail of protection (weapon)
 b - a +0 blowgun
 r - a +1 whip of draining
Missiles
 j - 231 stones (quivered)
 q - 7 curare-tipped needles
Armour
 f - a +0 robe (worn)
 m - a +1 hat (worn)
 E - a +0 ice dragon armour
Jewellery
 v - a +4 ring of dexterity {unknown}
Wands
 x - a wand of iceblast (6/15)
 A - a wand of flame (26/48)
 G - a wand of slowing (23/48)
Scrolls
 k - 3 scrolls of remove curse
 t - 7 scrolls of teleportation
 u - a scroll of recharging
 y - a scroll of blinking
 H - a scroll of identify
Potions
 e - 5 potions of curing
 g - 2 potions of berserk rage
 h - 2 potions of might
 i - a potion of resistance {unknown}
 l - 4 potions of brilliance
 n - 2 potions of lignification {unknown}
 p - 2 potions of agility {unknown}
 s - 2 potions of degeneration {unknown}
 w - a potion of haste {unknown}
 z - a potion of experience {unknown}
 C - a potion of flight {unknown}
 F - a potion of heal wounds {unknown}
Books
 c - a book of Minor Magic

   Spells                             Type                      Level
   a - Magic Dart                     Conjuration                  1
   b - Blink                          Translocation                2
   c - Call Imp                       Summoning                    2
   d - Repel Missiles                 Charms/Air                   2
   e - Slow                           Hexes                        2
   f - Conjure Flame                  Conjuration/Fire             3
   g - Mephitic Cloud                 Conjuration/Poison/Air       3
 B - a book of Flames

   Spells                             Type                      Level
   a - Flame Tongue                   Conjuration/Fire             1
   b - Throw Flame                    Conjuration/Fire             2
   c - Conjure Flame                  Conjuration/Fire             3
   d - Inner Flame                    Hexes/Fire                   3
   e - Sticky Flame                   Conjuration/Fire             4
   f - Fireball                       Conjuration/Fire             5
Comestibles
 d - 6 bread rations
 o - a meat ration
 D - 2 fruits


   Skills:
 - Level 2.0 Fighting
 + Level 8.1 Dodging
 - Level 2.4 Stealth
 + Level 8.4 Spellcasting
 - Level 9.7 Conjurations
 - Level 1.1 Summonings
 - Level 1.1 Translocations
 - Level 3.8 Fire Magic
 - Level 2.1 Air Magic
 - Level 2.0 Poison Magic


You had 6 spell levels left.
You knew the following spells:

 Your Spells              Type           Power        Failure   Level  Hunger
a - Flame Tongue          Conj/Fire      #####        1%          1    None
b - Blink                 Tloc           N/A          6%          2    None
c - Mephitic Cloud        Conj/Pois/Air  #####...     2%          3    None
h - Conjure Flame         Conj/Fire      #####...     1%          3    None
q - Call Imp              Summ           ###.....     6%          2    None
s - Sticky Flame          Conj/Fire      #####...     3%          4    ##.....
z - Magic Dart            Conj           ####         1%          1    None
Q - Repel Missiles        Chrm/Air       ###...       6%          2    None


Dungeon Overview and Level Annotations

Branches:
Dungeon (8/15)             Temple (1/1) D:7
   Lair: D:8-11

Altars:
Ashenzari
Cheibriados
Dithmenos
Fedhas
Gozag
Kikubaaqudgha
Makhleb
Nemelex Xobeh
Okawaru
Pakellas
Qazlal
Ru
Sif Muna
Trog
Vehumet
Xom
Yredelemnul
Zin
The Shining One

Shops:
D:7 :


Message History

You feel better. The killer bee stings you.
You are poisoned.
The killer bee poisons you! The killer bee barely misses you.
You regained 6 hp, and now have 20/48 hp.
You feel sick. The killer bee stings you.
You are more poisoned.
The killer bee poisons you! The killer bee completely misses you.
You take 3 damage, and have 17/48 hp.
You feel sick. The killer bee barely misses you.
There is a stone staircase leading down here.
You take 1 damage, and have 16/48 hp.
You feel sick. The killer bee stings you.
* * * LOW HITPOINT WARNING * * *
You are lethally poisoned!
The killer bee poisons you! The killer bee stings you!
* * * LOW HITPOINT WARNING * * *
You take 15 damage, and have 1/48 hp.
MASSIVE DAMAGE!!
Drink which item? (? for menu, Esc to quit)
You feel better. The killer bee stings you!
You die...

#≈§≈≈§≈≈.# #≈§≈>≈§≈.# #≈≈≈≈≈≈≈.#
##### #.≈§≈≈≈..# #...# ####
###..§§≈...# #...# #...
.######....#######...# #... .#
#.#####).......# #... .#
#.......##.y...# ### #<>. .#
#####.###.@#...# #.# ##.## .#
#.#...##.<.# #.###..# .#
#....####### #...#..# .####
###...##### #.#...## ....#
#.#..)).# ###.....# ###.#
##.#####.###.....#####
##.########..# ###..#..##..#....
#...........####......###..#....
#...((..#####.....##### #..#....


You could see a killer bee.

Vanquished Creatures
  Edmund (D:4)
  3 hungry ghosts
  An ice beast (D:4)
  2 orc warriors
  A necrophage (D:6)
  2 phantoms
  7 ogres
  A centaur (D:5)
  A big kobold (D:7)
  A wyvern skeleton (D:8)
  3 scorpions
  4 killer bees (D:8)
  3 howler monkeys
  3 crimson imps
  A giant frog zombie (D:5)
  2 jellies
  An orc priest (D:5)
  3 hounds
  6 orc wizards (D:5)
  A giant frog skeleton (D:4)
  An iguana (D:4)
  7 worker ants
  The ghost of Spurious the Magician, a weakling DrWz (D:4)
  9 gnolls
  2 adders
  A shadow imp (D:7)
  3 oozes
  An adder zombie (D:6)
  An adder skeleton (D:7)
  3 worms
  3 dart slugs
  3 giant geckos
  12 orcs
  A ball python (D:2)
  5 giant cockroaches
  8 hobgoblins
  12 jackals
  13 kobolds
  A quokka (D:6)
  8 bats
  4 giant newts
  11 goblins
  4 rats
161 creatures vanquished.

Vanquished Creatures (others)
  A troll (D:6)
  5 fungi (D:5)
  4 toadstools (D:1)
10 creatures vanquished.

Grand Total: 171 creatures vanquished

Notes
Turn   | Place    | Note
--------------------------------------------------------------
     0 | D:1      | Helmschank the Deep Elf Wizard began the quest for the Orb.
     0 | D:1      | Reached XP level 1. HP: 10/10 MP: 7/7
   333 | D:1      | Reached XP level 2. HP: 15/15 MP: 7/9
   348 | D:1      | Learned a level 2 spell: Blink
   351 | D:1      | Learned a level 2 spell: Repel Missiles
   484 | D:1      | Reached skill level 2 in Conjurations
   950 | D:2      | Found an iron altar of Okawaru.
   976 | D:2      | Reached XP level 3. HP: 14/19 MP: 3/10
  1078 | D:2      | Reached skill level 3 in Conjurations
  1284 | D:2      | Found a stormy altar of Qazlal.
  1326 | D:2      | Learned a level 3 spell: Mephitic Cloud
  1405 | D:2      | Found a sparkling altar of Nemelex Xobeh.
  1510 | D:2      | Reached skill level 1 in Poison Magic
  1550 | D:2      | Reached XP level 4. HP: 24/24 MP: 10/12
  1558 | D:2      | Learned a level 3 spell: Conjure Flame
  2078 | D:2      | Reached skill level 1 in Air Magic
  2238 | D:3      | Found a sparkling altar of Nemelex Xobeh.
  3086 | D:3      | Reached XP level 5. HP: 28/28 MP: 1/13
  3298 | D:3      | Reached skill level 1 in Fire Magic
  3976 | D:4      | Found a glowing silver altar of Zin.
  3982 | D:4      | Noticed Spurious's ghost (weakling DrWz)
  3993 | D:3      | Reached skill level 5 in Spellcasting
  4217 | D:4      | Noticed an ogre
  4227 | D:4      | Noticed a phantom
  4233 | D:4      | Noticed Edmund
  4238 | D:4      | Noticed an ogre
  4350 | D:4      | Learned a level 2 spell: Call Imp
  4478 | D:4      | Killed Edmund
  4478 | D:4      | Reached skill level 4 in Conjurations
  4478 | D:4      | Reached XP level 6. HP: 25/32 MP: 6/16
  4568 | D:4      | Reached skill level 5 in Conjurations
  4673 | D:4      | Reached XP level 7. HP: 36/36 MP: 4/18
  4813 | D:4      | Killed Spurious's ghost
  4915 | D:4      | Reached skill level 6 in Conjurations
  5624 | D:5      | Entered Level 5 of the Dungeon
  5929 | D:5      | Reached skill level 7 in Conjurations
  6055 | D:5      | Reached skill level 5 in Dodging
  6206 | D:5      | Reached XP level 8. HP: 39/41 MP: 9/19
  6603 | D:5      | Reached skill level 8 in Conjurations
  6960 | D:5      | Found a shattered altar of Ashenzari.
  7503 | D:5      | Reached skill level 9 in Conjurations
  8229 | D:6      | Learned a level 4 spell: Sticky Flame
  8281 | D:6      | Learned a level 1 spell: Flame Tongue
  8337 | D:6      | Reached XP level 9. HP: 46/46 MP: 12/20
  8396 | D:6      | Found an oddly glowing altar of Pakellas.
  8396 | D:6      | Noticed an orange crystal statue
  8397 | D:6      | Noticed a troll
  8403 | D:6      | Killed a troll
  8468 | D:6      | Reached skill level 1 in Fighting
  8984 | D:7      | Found a staircase to the Ecumenical Temple.
  8992 | Temple   | Entered the Ecumenical Temple
  9036 | Temple   | Became a worshipper of Vehumet
  9317 | D:7      | Found a blossoming altar of Fedhas.
  9501 | D:7      | Found a bloodstained altar of Trog.
  9570 | D:7      | Found an iron altar of Okawaru.
  9706 | D:7      | Found Hocrel's Book Emporium.
  9961 | D:8      | Noticed a hill giant
 10181 | D:7      | HP: 1/48 [killer bee (10)]
 10182 | D:7      | Slain by a killer bee

Skill      XL: |  1  2  3  4  5  6  7  8  9 |
---------------+----------------------------+-----
Dodging        | 3 5 7 8 |  8.1
Conjurations   | 2 3 4 5 7 9 |  9.7
Poison Magic   | 1 2 |  2.0
Air Magic      | 2 |  2.1
Fire Magic     | 2 3 |  3.8
Spellcasting   | 5 6 8 |  8.4
Fighting       | 2 |  2.0
Stealth        | |  2.4
Summonings     | |  1.1
Translocations | |  1.1

Action                   |  1- 3 |  4- 6 |  7- 9 || total
-------------------------+-------+-------+-------++-------
Melee: Short sword       |     1 |    13 |       ||    14
       Whip              |       |    25 |       ||    25
       Flail             |       |     4 |    56 ||    60
Throw: Stone             |     6 |    15 |    44 ||    65
 Cast: Magic Dart        |    85 |    93 |   239 ||   417
       Repel Missiles    |     3 |       |       ||     3
       Mephitic Cloud    |       |    19 |    32 ||    51
       Blink             |       |     6 |    11 ||    17
       Conjure Flame     |       |     8 |    18 ||    26
       Flame Tongue      |       |       |    48 ||    48
       Sticky Flame      |       |       |    10 ||    10
  Use: Scroll            |       |     8 |     7 ||    15
       Potion            |       |       |     2 ||     2
 Stab: Confused          |       |     3 |     6 ||     9
  Eat: Chunk             |     2 |     5 |    11 ||    18
       Meat ration       |       |     1 |     1 ||     2
       Beef jerky        |       |       |     1 ||     1
       Fruit             |       |       |     1 ||     1
Armor: Robe              |     9 |     4 |    27 ||    40
Dodge: Dodged            |    20 |    46 |    78 ||   144
       Deflected         |     2 |     1 |     3 ||     6
